Map: Golden Wall LE

Players

Trap - Winner!

  • Race: Protoss Protoss
  • League: Bronze
  • Spawn Location: 7:00

Liquidthermy (uThermal)

  • Race: Terran Terran
  • Spawn Location: 5:00

Event: Shopify TSL 5

VOD

Have the link to the VOD?

Description

Time

  • Played on: May 31, 2020, 8:24 a.m.
  • Length: 5:31

All games in this series

Show
View Real Time Build Order
Export as new Build Order

Trap Protoss - Winner!

Build Orders:  

Get SALT Encoding   

  12  0:00  Probe  
  13  0:12  Probe  
  14  0:18  Pylon  
  14  0:24  Probe  
  15  0:36  Gateway  
  15  0:38  Probe (Chrono Boost)  
  16  0:48  Probe (Chrono Boost)  
  16  0:49  Assimilator  
  17  0:53  Probe (Chrono Boost)  
  18  1:05  Probe  
  19  1:17  Probe  
  20  1:23  Cybernetics Core, Zealot  
  22  1:26  Pylon  
  22  1:29  Probe  
  23  1:44  Probe  
  23  1:56  Probe  
  23  1:57  Stalker (Chrono Boost)  
  23  2:01  Shield Battery, Warp Gate  
  26  2:08  Probe  
  27  2:18  Stalker (Chrono Boost)  
  29  2:26  Pylon  
  30  2:30  Probe  
  30  2:44  Stalker  
  30  2:45  Probe  
  30  2:50  Assimilator  
  31  2:55  Pylon  
  31  2:58  Probe  
  32  3:12  Gateway  
  32  3:15  Zealot  
  34  3:20  Robotics Facility  
  34  3:40  Pylon  
  34  3:51  Stalker  
  36  4:00  Nexus  
  36  4:12  Immortal (Chrono Boost)  
  40  4:21  Sentry x2  
  43  4:41  Immortal (Chrono Boost)  
  45  4:54  Stalker  
  45  4:55  Adept  
  35  5:22  Stalker  
  35  5:25  Zealot  
Show
View Real Time Build Order
Export as new Build Order

Liquidthermy Terran 

Build Orders:  

Get SALT Encoding   

  12  0:02  SCV  
  13  0:14  Supply Depot  
  13  0:19  SCV  
  14  0:36  Barracks  
  14  0:48  Barracks  
  14  0:52  SCV  
  15  1:04  SCV  
  15  1:06  Refinery  
  16  1:23  Marine, Orbital Command  
  17  1:35  Marine  
  18  1:41  Marine  
  18  1:44  Supply Depot  
  19  1:49  Bunker  
  19  1:55  Marine  
  19  1:59  Marine  
  20  2:08  SCV  
  22  2:16  Bunker  
  22  2:17  Marine  
  22  2:20  SCV  
  24  2:25  Barracks Tech Lab  
  22  2:32  SCV  
  22  2:35  Factory  
  24  2:44  SCV  
  24  2:47  Marauder  
  24  2:49  Marine, Concussive Shells  
  26  2:54  Supply Depot  
  26  2:56  SCV  
  26  3:08  SCV, Marauder  
  29  3:15  Marine  
  29  3:18  Supply Depot  
  30  3:23  Factory Tech Lab  
  30  3:24  SCV, Refinery  
  31  3:30  Marauder  
  31  3:33  Marine  
  34  3:37  SCV  
  35  3:51  Marine x2  
  35  3:53  Siege Tank  
  40  3:57  Supply Depot  
  41  4:02  SCV  
  41  4:09  Marine  
  42  4:12  Marine  
  42  4:15  SCV  
  44  4:25  Siege Tank  
  44  4:31  Marauder  
  49  4:32  SCV  
  49  4:35  Supply Depot  
  50  4:44  SCV  
  51  4:51  Marine  
  51  4:57  Siege Tank  
  40  5:09  Marine  
Tags
 
Add a new tag
Caveats
  • Supply blocks, unpowered buildings, or Contaminate may cause inaccurate times.
  • Supply counts are checked every 10 seconds.